 Dungeon Crawl Stone Soup version 0.30-a0-12-gd8047c6341 (webtiles) character file.

Game seed: 13299319601855736344

8539 SensoryNuts the Basher (level 11, -6/82 (85) HPs)
             Began as a Minotaur Fighter on Aug 24, 2022.
             Mangled by an orc knight
             ... wielding a +0 war axe
              (9 damage)
             ... in a bailey.
             The game lasted 00:15:09 (10682 turns).

SensoryNuts the Basher (Minotaur Fighter)          Turns: 10682, Time: 00:15:10

HP:   -6/82 (85)    AC: 20    Str: 20      XL:     11   Next: 11%
MP:   10/10         EV:  8    Int:  4      God:
Gold: 744           SH:  7    Dex: 21 (22) Spells: 10/10 levels left

rFire   x . .      SeeInvis .    h - +2 war axe
rCold   + + .      Faith    .    b - +0 buckler
rNeg    . . .      Spirit   .    t - +3 plate armour
rPois   .          Reflect  .    (helmet restricted)
rElec   .          Harm     .    m - +1 cloak
rCorr   .          Rampage  .    (no gloves)
Will    .....                    (no boots)
Stlth   ..........               (no amulet)
HPRegen 0.23/turn                c - ring "Syentymn" {Ice Fly Dex+4 Stlth+}
MPRegen 0.12/turn                (no ring)

@: flying, studying Throwing, lightly drained
A: horns 2, retaliatory headbutt, agile 1, cold resistance 1, deterioration 1
a: no special abilities


You were in a bailey.
You visited 2 branches of the dungeon, and saw 11 of its levels.
You visited the Abyss 1 time.
You also visited: Bailey.

You collected 744 gold pieces.

Inventory:

Hand Weapons
 h - a +2 war axe (weapon)
 i - a +3 dagger of draining
 s - the +10 mace "Cuudaec" {vamp, Dex+4}
   (You found it on level 5 of the Dungeon)

   It occasionally heals its wielder for a portion of the damage dealt when it
   wounds a living foe.
   Dex:       It affects your dexterity (+4).
Missiles
 f - 4 throwing nets (quivered)
Armour
 b - a +0 buckler (worn)
 m - a +1 cloak (worn)
 t - a +3 plate armour (worn)
Jewellery
 a - a ring of resist corrosion
 c - the ring "Syentymn" (left hand) {Ice Fly Dex+4 Stlth+}
   (You found it on level 7 of the Dungeon)

   [ring of ice]

   It enhances your ice magic.
   Dex:       It affects your dexterity (+4).
   rF:        It makes you vulnerable to fire.
   rC:        It protects you from cold.
   Fly:       It grants you flight.
   Stlth:     It makes you more stealthy.
 e - a ring of positive energy
 j - a ring of protection from cold
 n - a ring of protection from cold
 u - a ring of fire
Wands
 d - a wand of iceblast (15)
 l - a wand of digging (10)
 p - a wand of flame (45)
 q - a wand of polymorph (5)
 A - a wand of acid (20)
Scrolls
 g - a scroll of noise
 k - a scroll of magic mapping
 o - 2 scrolls of identify
 w - 4 scrolls of amnesia
 B - a scroll of silence
 C - 2 scrolls of teleportation
Potions
 r - 2 potions of attraction


   Skills:
 - Level 4.9 Fighting
 - Level 5.0 Short Blades
 * Level 3.6(8.9) Axes
 - Level 12.5(12.8) Maces & Flails
 + Level 11.7 Armour
 + Level 3.4 Dodging
 + Level 1.9 Stealth
 + Level 8.3 Shields
 - Level 2.5 Unarmed Combat


You had 10 spell levels left.
You didn't know any spells.
Your spell library contained the following spells:

 Spells                   Type           Power      Damage    Failure   Level
 Beastly Appendage        Tmut           0%         N/A       100%        1
 Wereblood                Tmut           0%         N/A       100%        2
 Ozocubu's Armour         Ice            0%         N/A       100%        3
 Spider Form              Tmut/Pois      0%         N/A       100%        3
 Anguish                  Hex/Necr       0%         N/A       100%        4
 Metabolic Englaciation   Hex/Ice        0%         N/A       100%        5
 Dispersal                Tloc           0%         N/A       100%        6
 Simulacrum               Ice/Necr       0%         N/A       100%        6


Dungeon Overview and Level Annotations

Branches:
Dungeon (10/15)            Temple (1/1) D:5            Lair (0/5) D:9
    Orc (0/2) D:9          Bailey (1/1)

Altars:
Ashenzari
Cheibriados
Dithmenos
Fedhas
Gozag
Hepliaklqana
Kikubaaqudgha
Makhleb
Nemelex Xobeh
Okawaru
Qazlal
Ru
Sif Muna
Trog
Uskayaw
Vehumet
Wu Jian
Xom
Yredelemnul
Zin
The Shining One

Annotations:
D:10 Lodul


Innate Abilities, Weirdness & Mutations

You have a pair of horns on your head.
You reflexively headbutt those who attack you in melee.
You are agile. (Dex +4, Str/Int -1)
Your flesh is cold resistant. (rC+)
Your body sometimes deteriorates upon taking damage.


Message History

An orc knight comes into view. It is wielding a +0 war axe.
Found a potion of haste.
You block the orc knight's attack.
You hit the orc knight.
You headbutt the orc knight, but do no damage.
The orc knight is lightly wounded.
The orc knight barely misses you. You furiously retaliate!
You headbutt the orc knight!
Okay, then.
You hit the orc knight. Your headbutt misses the orc knight.
The orc knight is moderately wounded.
The orc knight hits you with a +0 war axe!
You closely miss the orc knight. You headbutt the orc knight.
The orc knight is moderately wounded.
The orc knight hits you with a +0 war axe.
You barely miss the orc knight.
The orc knight is moderately wounded.
You block the orc knight's attack.
You hit the orc knight.
The orc knight is moderately wounded.
The orc knight hits you with a +0 war axe.
You hit the orc knight but do no damage.
You headbutt the orc knight!
The orc knight is moderately wounded.
The orc knight hits you with a +0 war axe!!
You hit the orc knight.
The orc knight is heavily wounded.
The orc knight hits you with a +0 war axe.
* * * LOW HITPOINT WARNING * * *
You hit the orc knight but do no damage.
Your headbutt misses the orc knight.
The orc knight is heavily wounded.
The orc knight hits you with a +0 war axe!
* * * LOW HITPOINT WARNING * * *
Your body deteriorates!
You feel clumsy.
The orc knight hits you with a +0 war axe.
* * * LOW HITPOINT WARNING * * *
Okay, then.
Sorry, you're not good enough to have a special ability.
The orc knight hits you with a +0 war axe!
You die...

#.### ###.###
....### ###.....###
......###.........##
.......#...........#
.......)...........#
.⌠.....#..)..).....#
.......#.....).....#
.......#...........#
......###.......@.##
....### ###.....#o#
#.### ###.###g.. ###
### ..... .# ......!
.# ....... .#
..⌠.... .# .......
.#


You could see an orc knight and a goblin.

Vanquished Creatures
  Harold (D:9)
  Maggie (D:10)
  A kobold demonologist (D:7)
  An unseen horror (D:6)
  A tengu conjurer (D:9)
  2 trolls (D:9)
  Sigmund (D:2)
  A wraith (D:8)
  8 yaks
  A steam dragon (D:7)
  Grum (D:8)
  Menkaure (D:6)
  6 orc warriors
  3 ice beasts
  A sky beast (D:6)
  2 black bears
  3 ogres (D:10)
  3 centaurs
  5 wolves
  A phantom (D:5)
  A kobold brigand (D:7)
  6 gnoll sergeants
  A scorpion (D:5)
  5 wights (D:9)
  A howler monkey (D:5)
  2 electric eels (D:9)
  8 hounds
  2 jellies
  8 orc priests
  A gnoll bouda (D:7)
  3 iguanas
  18 orc wizards
  Ijyb (D:3)
  Robin (D:2)
  14 gnolls
  3 adders
  4 shadow imps
  3 white imps
  An ufetubus (D:6)
  3 worms (D:2)
  2 dart slugs
  27 orcs
  5 ball pythons
  4 bats
  8 endoplasms
  A giant cockroach (D:1)
  20 goblins
  17 hobgoblins
  6 jackals
  4 quokkas
  3 frilled lizards (D:1)
  10 kobolds
  6 rats
243 creatures vanquished.

Vanquished Creatures (collateral kills)
  The ghost of Zeldest the Chopper, a novice TrFi (D:7)
1 creature vanquished.

Vanquished Creatures (others)
  A gnoll (D:7)
  7 plants
8 creatures vanquished.

Grand Total: 252 creatures vanquished

Notes
Turn   | Place    | Note
-------+----------+-------------------------------------------
     0 | D:1      | SensoryNuts the Minotaur Fighter began the quest for the
                  | Orb.
     0 | D:1      | Reached XP level 1. HP: 19/19 MP: 0/0
   127 | D:1      | Reached XP level 2. HP: 6/27 MP: 1/1
   734 | D:1      | Found a faded altar of an unknown god.
   866 | D:1      | Reached XP level 3. HP: 33/33 MP: 2/2
  1351 | D:2      | Noticed Robin
  1373 | D:2      | Killed Robin
  1374 | D:2      | Reached XP level 4. HP: 23/40 MP: 3/3
  1378 | D:2      | Reached skill level 1 in Short Blades
  1571 | D:2      | Noticed Sigmund
  1577 | D:2      | Gained mutation: Your body sometimes deteriorates upon
                  | taking damage. [potion of mutation]
  1577 | D:2      | Gained mutation: You have hidden genetic potential. [potion
                  | of mutation]
  1584 | D:2      | Killed Sigmund
  1585 | D:2      | Reached skill level 5 in Armour
  1585 | D:2      | Reached skill level 1 in Dodging
  1585 | D:2      | Reached XP level 5. HP: 21/47 MP: 4/4
  1585 | D:2      | Gained mutation: You are agile. (Dex +4, Str/Int -1)
                  | [hidden potential]
  2071 | D:2      | Reached skill level 5 in Shields
  2231 | D:3      | Noticed Ijyb
  2246 | D:3      | Killed Ijyb
  2247 | D:3      | Reached XP level 6. HP: 26/53 MP: 5/5
  2508 | D:3      | Found Uqec's General Store.
  3134 | D:4      | Gained mutation: Your flesh is cold resistant. (rC+)
                  | [hidden potential]
  3134 | D:4      | Lost mutation: You have hidden genetic potential. [hidden
                  | potential expressed]
  3451 | D:4      | Got Rimyni's Parchment of Translocated Curses
  3505 | D:4      | Reached XP level 7. HP: 44/60 MP: 6/6
  3778 | D:5      | Entered Level 5 of the Dungeon
  3892 | D:5      | Identified the +10 mace "Cuudaec" {vamp, Dex+4}
  3940 | D:5      | Reached skill level 5 in Short Blades
  4056 | D:5      | Found a staircase to the Ecumenical Temple.
  4091 | Temple   | Entered the Ecumenical Temple
  4657 | D:5      | Reached skill level 1 in Maces & Flails
  4897 | D:5      | Reached skill level 2 in Maces & Flails
  5487 | D:6      | Reached XP level 8. HP: 56/67 MP: 7/7
  5491 | D:6      | Reached skill level 3 in Maces & Flails
  5595 | D:6      | Noticed Menkaure
  5603 | D:6      | Killed Menkaure
  5604 | D:6      | Reached skill level 4 in Maces & Flails
  5769 | D:6      | Reached skill level 5 in Maces & Flails
  5783 | D:6      | Found a basalt altar of Yredelemnul.
  5829 | D:6      | Found a broken altar of Ashenzari.
  5829 | D:6      | Found a radiant altar of Vehumet.
  6031 | D:6      | Reached skill level 6 in Maces & Flails
  6627 | D:6      | Killed an unseen horror
  6628 | D:6      | Reached XP level 9. HP: 38/73 MP: 8/8
  6797 | D:7      | Reached skill level 7 in Maces & Flails
  6974 | D:7      | Found a transporter.
  6974 | D:7      | Found a transporter.
  6984 | D:7      | Noticed Zeldest's ghost (novice TrFi)
  7445 | D:7      | Killed Zeldest's ghost
  7446 | D:7      | Reached skill level 8 in Maces & Flails
  7495 | D:7      | Identified the ring "Syentymn" {Ice Fly Dex+4 Stlth+}
  7517 | D:7      | Reached skill level 1 in Stealth
  7619 | D:7      | Reached skill level 9 in Maces & Flails
  7823 | D:8      | Noticed Grum
  7848 | D:7      | Reached skill level 10 in Armour
  8096 | D:8      | Killed Grum
  8202 | D:8      | Noticed a kobold demonologist
  8213 | D:8      | Noticed a red devil
  8241 | D:7      | Reached skill level 10 in Maces & Flails
  8241 | D:7      | Reached XP level 10. HP: 55/80 MP: 9/9
  8690 | D:8      | Found an iron altar of Okawaru.
  8690 | D:8      | Found a hazy altar of Hepliaklqana.
  9028 | D:9      | Reached skill level 11 in Maces & Flails
  9252 | D:9      | Found a staircase to the Orcish Mines.
  9345 | D:9      | Found a staircase to the Lair.
  9442 | D:9      | Noticed Harold
  9462 | Abyss:2  | Cast into level 2 of the Abyss (Harold)
  9476 | D:9      | Escaped the Abyss
  9482 | D:9      | Killed Harold
  9483 | D:9      | Reached skill level 12 in Maces & Flails
  9512 | D:9      | Identified the +1 robe of Ekhics {Dex+3}
 10041 | D:10     | Entered Level 10 of the Dungeon
 10050 | D:10     | Found a glowing golden altar of the Shining One.
 10076 | D:10     | Noticed Lodul
 10328 | D:10     | Found a flagged portal.
 10332 | D:10     | Noticed Maggie
 10337 | D:10     | Reached skill level 1 in Axes
 10345 | D:10     | Reached XP level 11. HP: 50/80 MP: 10/10
 10352 | D:10     | Killed Maggie
 10364 | Bailey   | Entered a bailey
 10671 | Bailey   | Noticed an orc knight
 10681 | Bailey   | HP: 3/82 [orc knight/+0 war axe (4)]
 10682 | Bailey   | Mangled by an orc knight

Illustrated notes

Levels and vault maps discovered:
D:1:      dpeg_arrival_houses_and_road, layout_basic,
          shapermc_ecumenical_altar_acropolis
D:2:      layout_loops_cross, uniq_robin, uniq_sigmund
D:3:      layout_basic, serial_shops, nicolae_shop_crystal,
          serial_bayou_lagoon_b, uniq_ijyb
D:4:      layout_cave_pools, kennysheep_small_spiral
D:5:      layout_layer_cave, minmay_temple_entry_large_hall
D:6:      layout_gridville, pf_just_have_faith, gammafunk_temple_overflow_wave,
          uniq_menkaure
D:7:      cheibrodos_iron_armory, layout_rooms, gammafunk_ghost_gnarly_gnolls
D:8:      layout_gridville, gammafunk_temple_overflow_elements, uniq_grum
D:9:      layout_loops_cross, erik_lair_island, orc_0_dummy, uniq_harold
D:10:     gammafunk_boulding_lane, layout_basic,
          mainiacjoe_overflow_catch_the_wave, enter_bailey_2,
          nicolae_alphabet_shops, uniq_psyche, uniq_maggie, uniq_lodul
Temple:   nicolae_temple_superstar
Bailey:   bailey_axe_minmay_hex_keep, bailey

Skill      XL: |  1  2  3  4  5  6  7  8  9 10 11 |
---------------+----------------------------------+-----
Fighting       | 4 |  4.9
Shields        | 4 5 6 8 |  8.3
Armour         | 4 5 7 8 10 11 | 11.7
Short Blades   | 2 4 5 |  5.0
Dodging        | 1 2 3 |  3.4
Maces & Flails | 2 6 10 12 | 12.5
Stealth        | 1 |  1.9
Axes           | 2 3 |  3.6
Unarmed Combat | |  2.5

Action                   |  1- 3 |  4- 6 |  7- 9 | 10-12 || total
-------------------------+-------+-------+-------+-------++-------
Melee: Unarmed           |    58 |       |       |       ||    58
       Headbutt          |    15 |    21 |    45 |    46 ||   127
       Dagger            |    40 |   116 |    32 |       ||   188
       Mace              |       |       |   200 |   155 ||   355
       War axe           |       |       |       |    65 ||    65
  Use: Potion            |     1 |     4 |    14 |     4 ||    23
       Scroll            |       |     9 |    13 |     5 ||    27
 Stab: Invisible         |       |       |     3 |       ||     3
Armor: Scale mail        |    41 |    42 |    13 |       ||    96
       Plate armour      |       |       |   219 |   124 ||   343
       Skin              |       |       |    12 |       ||    12
Dodge: Dodged            |    37 |    49 |    93 |    71 ||   250
Block: Buckler           |    15 |    20 |    93 |    75 ||   203

Table legend: (Time is in decaauts)
 A = Elapsed time spent in this place.
 B = Non-inter-level travel time spent in this place.
 C = Inter-level travel time spent in this place.
 D = Time resting spent in this place.
 E = Time spent auto-exploring this place.
 F = Levels seen in this place.
 G = Mean time per level.
                   A        B        C        D        E       F      G
               +--------+--------+--------+--------+--------+-----+--------+
         Total |  10714 |  10270 |    444 |    248 |   8242 |  13 |  824.2 |
       Dungeon |  10242 |   9820 |    422 |    248 |   7890 |  10 | 1024.2 |
        Temple |    136 |    114 |     22 |      0 |    100 |   1 |  136.0 |
         Abyss |     13 |     13 |      0 |      0 |      0 |   1 |   13.0 |
        Bailey |    320 |    320 |      0 |      0 |    252 |   1 |  320.0 |
               +--------+--------+--------+--------+--------+-----+--------+

Top non-repeatable levels by time:
     D:5: 1525 daAuts
     D:7: 1470 daAuts
     D:6: 1346 daAuts
     D:1: 1119 daAuts
     D:2: 1109 daAuts
     D:9: 993 daAuts
     D:4: 798 daAuts
     D:8: 794 daAuts
     D:3: 759 daAuts
    D:10: 326 daAuts
  Bailey: 320 daAuts
  Temple: 136 daAuts
 Abyss:2: 13 daAuts
